 Dungeon Crawl Stone Soup version 0.31-a0-331-geda263fcf1 (webtiles) character file.

Game seed: 11514132686098604968

150267 freelancePsychic the Warrior (level 17, -3/99 HPs)
             Began as a Vine Stalker Shapeshifter on July 19, 2023.
             Was the Champion of Uskayaw.
             Slain by a two-headed ogre
             ... wielding a +0 giant club
              (8 damage)
             ... on level 15 of the Dungeon.
             The game lasted 00:45:27 (22749 turns).

freelancePsychic the Warrior (VSSh)                Turns: 22749, Time: 00:45:27

Health: -3/99      AC: 14    Str: 21    XL:     17   Next: 53%
Magic:  0/27       EV: 17    Int: 11    God:    Uskayaw [******]
Gold:   1904       SH: 18    Dex: 33    Spells: 16/16 levels left

rFire   + + .        b - +12 hand crossbow "Tonoce" {penet, *Slow +Blink Dex+3}
rCold   . . .        P - +2 kite shield
rNeg    + . .        H - +1 ring mail {rF+}
rPois   .            A - +0 helmet {SInv}
rElec   .            S - +2 cloak
rCorr   +            f - +0 pair of gloves {Dex+3}
SInv    +            z - +0 pair of boots "Syhocrot" {rF+ Str+2 Stlth+}
Will    ++...        F - amulet of faith
Stlth   ++++++       I - ring of Surreguk {rN+ rCorr Int+3 Dex+3 Slay+2}
HPRegen 1.16/turn    R - +5 ring of evasion
MPRegen 0.20/turn

%: slow self (1%), guardian spirit, faith
@: slowed, studying Throwing, unable to read, very slow
A: fangs 3, regeneration 1, magic shield, antimagic bite, no potion heal 2, thin
skeletal structure 1, inability to read after injury 1
a: Renounce Religion, Evoke Blink, Stomp, Line Pass, Grand Finale


You were on level 15 of the Dungeon.
You worshipped Uskayaw.
Uskayaw was pleased with you.
You visited 5 branches of the dungeon, and saw 25 of its levels.
You also visited: Ice Cave, Volcano and Desolation.

You collected 3012 gold pieces.
You spent 1108 gold pieces at shops.

Inventory:

Hand Weapons
 a - a +1 dagger of electrocution
 b - the +12 hand crossbow "Tonoce" (weapon) {penet, *Slow +Blink Dex+3}
   (You found it in the Desolation of Salt)

   Dex:       It affects your dexterity (+3).
   +Blink:    It lets you blink.
   *Slow:     It may slow you when you take damage.
Missiles
 g - 5 curare-tipped darts
 i - 35 poisoned darts
 M - 5 boomerangs
 N - 5 javelins
Armour
 f - a +0 pair of gloves of dexterity (worn)
 z - the +0 pair of boots "Syhocrot" (worn) {rF+ Str+2 Stlth+}
   (You bought it in a shop on level 12 of the Dungeon)

   Str:       It affects your strength (+2).
   rF:        It protects you from fire.
   Stlth:     It makes you more stealthy.
 A - a +0 helmet of see invisible (worn)
 H - a +1 ring mail of fire resistance (worn)
 P - a +2 kite shield (worn)
 S - a +2 cloak (worn)
 U - a +3 tower shield of cold resistance
Jewellery
 F - an amulet of faith (around neck)
 I - the ring of Surreguk (left hand) {rN+ rCorr Int+3 Dex+3 Slay+2}
   (You found it in the Desolation of Salt)

   [ring of resist corrosion]

   Int:       It affects your intelligence (+3).
   Dex:       It affects your dexterity (+3).
   Slay:      It affects your accuracy & damage with ranged weapons and melee
   (+2).
   rN:        It protects you from negative energy.
   rCorr:     It protects you from acid and corrosion.
 Q - a ring of protection from fire
 R - a +5 ring of evasion (right hand)
 T - the ring "Yviuditi" {rF+ rN+ Int-4 Slay+2}
   (You took it off an imperial myrmidon in the Desolation of Salt)

   [ring of positive energy]

   Int:       It affects your intelligence (-4).
   Slay:      It affects your accuracy & damage with ranged weapons and melee
   (+2).
   rF:        It protects you from fire.
   rN:        It protects you from negative energy.
 V - a ring of ice
Talismans
 c - a beast talisman
 G - a serpent talisman
Wands
 n - a wand of mindburst (7)
 w - a wand of flame (82)
 y - a wand of roots (29)
 K - a wand of paralysis (20)
 L - a wand of light (7)
 Y - a wand of digging (10)
Scrolls
 e - 4 scrolls of blinking
 j - 5 scrolls of immolation
 k - 2 scrolls of torment
 o - 9 scrolls of amnesia
 q - a scroll of enchant armour
 r - 3 scrolls of vulnerability
 t - 5 scrolls of teleportation {@r4}
 v - 4 scrolls of enchant weapon
 x - 5 scrolls of fog
 B - 4 scrolls of poison
 D - 4 scrolls of butterflies
 E - 5 scrolls of identify {@r1}
 X - 4 scrolls of revelation
 Z - a scroll of fear
Potions
 d - 2 potions of enlightenment
 h - 2 potions of ambrosia
 l - 3 potions of haste {@q3}
 m - 2 potions of attraction
 p - a potion of lignification
 s - 5 potions of might
 u - 2 potions of mutation
 C - a potion of magic
 J - a potion of brilliance
 O - 10 potions of curing {@q1}
 W - a potion of cancellation


   Skills:
 - Level 15.0 Fighting
 - Level 10.0 Short Blades
 * Level 11.4 Ranged Weapons
 - Level 8.0 Throwing
 - Level 5.0 Armour
 - Level 2.1 Dodging
 - Level 6.0 Stealth
 - Level 13.2 Shields
 - Level 2.0 Unarmed Combat
 - Level 13.1 Invocations
 - Level 3.7 Shapeshifting


You had 16 spell levels left.
You didn't know any spells.
Your spell library contained the following spells:

 Spells                   Type           Power      Damage    Failure   Level
 Foxfire                  Conj/Fire      0%         2x1d4     67%         1
 Kiss of Death            Conj/Necr      0%         2d5       67%         1
 Magic Dart               Conj           0%         1d3       67%         1
 Slow                     Hex            0%         N/A       67%         1
 Sting                    Tmut/Pois      0%         1d3       67%         1
 Cigotuvi's Dreadful Rot  Necr/Pois/Air  0%         N/A       80%         2
 Ensorcelled Hibernation  Hex/Ice        0%         N/A       80%         2
 Momentum Strike          Conj/Tloc      0%         3d8       80%         2
 Passwall                 Tmut/Erth      0%         N/A       80%         2
 Poisonous Vapours        Pois/Air       0%         N/A       80%         2
 Scorch                   Fire           0%         2d5       80%         2
 Searing Ray              Conj           0%         2d4       80%         2
 Confusing Touch          Hex            0%         N/A       95%         3
 Gell's Gravitas          Tloc           0%         N/A       95%         3
 Hailstorm                Conj/Ice       0%         3d3       95%         3
 Portal Projectile        Hex/Tloc       0%         N/A       95%         3
 Stone Arrow              Conj/Erth      0%         3d7       95%         3
 Swiftness                Air            0%         N/A       95%         3
 Teleport Other           Tloc           0%         N/A       95%         3
 Tukima's Dance           Hex            0%         N/A       95%         3
 Vampiric Draining        Necr           0%         2d6       95%         3
 Anguish                  Hex/Necr       0%         N/A       100%        4
 Animate Armour           Summ/Erth      0%         N/A       100%        4
 Dispel Undead            Necr           0%         3d6       100%        4
 Flame Wave               Conj/Fire      0%         2d4       100%        4
 Fulminant Prism          Conj/Hex       0%         3d5       100%        4
 Iskenderun's Mystic Bla  Conj/Tloc      0%         2d3       100%        4
 Fireball                 Conj/Fire      0%         3d3       100%        5
 Death Channel            Necr           0%         N/A       100%        6
 Dispersal                Tloc           0%         N/A       100%        6
 Summon Cactus Giant      Summ           0%         N/A       100%        6
 Ignition                 Fire           0%         3d3       100%        8
 Lehudib's Crystal Spear  Conj/Erth      0%         10d2      100%        8


Dungeon Overview and Level Annotations

Branches:
Dungeon (15/15)            Temple (1/1) D:5            Lair (5/5) D:11
  Swamp (0/4) Lair:3       Spider (0/4) Lair:2        Slime (0/5) Lair:4
    Orc (2/2) D:12            Elf (2/3) Orc:2        Vaults (0/5) D:13
  IceCv (visited)         Volcano (visited)         Desolation (visited)
 Depths: D:15

Altars:
Ashenzari
Cheibriados
Dithmenos
Elyvilon
Fedhas
Gozag
Hepliaklqana
Kikubaaqudgha
Makhleb
Nemelex Xobeh
Okawaru
Qazlal
Ru
Sif Muna
Trog
Uskayaw
Vehumet
Wu Jian
Xom
Yredelemnul
Zin
The Shining One
Jiyva

Shops:
D:11 ?   D:12 **[   Orc:2 =*[(   Elf:2 [

Annotations:
D:13 3 runed translucent doors, hotbaconsauce's ghost, journeyman MiFi
Lair:4 3 runed translucent doors, exclusion: 3 oklob plants, AwFulAwFulPlayer's ghost, journeyman DgHu


Innate Abilities, Weirdness & Mutations

You have razor-sharp teeth.
Your natural rate of healing is unusually fast.
When hurt, damage is shared between your health and your magic reserves.
Your bite disrupts and absorbs the magic of your enemies.
Potions cannot restore your health.
You have a somewhat thin skeletal structure. (Dex +2, Stealth+)
You occasionally lose the ability to read scrolls when taking damage.


Message History

Unknown command.
Unknown command.
Unknown command.
Unknown command.
Unknown command.
Unknown command.
Unknown command.
Unknown command.
Unknown command.
Unknown command.
Unknown command.
Unknown command.
Unknown command.
Unknown command.
Unknown command.
Unknown command.
You cannot read scrolls in your current state!
You cannot read scrolls in your current state!
You cannot read scrolls in your current state!
You cannot read scrolls in your current state!
You cannot read scrolls in your current state!
Okay, then.
Aiming: Bolt of Light
Press: ? - help, Shift-Dir - straight line, f - two-headed ogre
Aim: a two-headed ogre, wielding two +0 giant clubs (86% to hit)
The bolt of light hits the two-headed ogre!
The two-headed ogre is moderately wounded.
The two-headed ogre is blinded.
The yaktaur shoots a bolt.
You block the bolt.
The yaktaur shoots a bolt.
You block the bolt.
Fire: b) +12 hand crossbow "Tonoce" {penet, *Slow +Blink Dex+3}
Press: ? - help, Shift-Dir - straight line, f/p - two-headed ogre
Aim: a two-headed ogre, wielding two +0 giant clubs (moderately wounded, blind, 87% to hit)
You shoot a bolt.
The bolt pierces through the two-headed ogre!
The two-headed ogre is heavily wounded.
The yaktaur shoots a bolt.
You block the bolt.
The yaktaur shoots a bolt.
You block the bolt.
The yaktaur shoots a bolt.
You block the bolt.
The yaktaur shoots a bolt.
The bolt misses you.
The two-headed ogre hits you with a +0 giant club!
You die...

#####..###.......
#...#).##..........
#......##.##.......
#.......#....#....#
#..#...#.........##
##.................
#.................
#...##............
#........O@.......
........)).........
....................
........#.......).c.
...)..##......c.).
...).. #.##..###.)
.... #.. ..# . ##
...


You could see a two-headed ogre (blind) and 2 yaktaurs.

Vanquished Creatures
  Jorgrun (D:13)
  Kirke (D:14)
  2 imperial myrmidons (Desolation)
  A deep elf elementalist (Elf:2)
  An orc warlord (Orc:1)
  A deep elf annihilator (Elf:1)
  The ghost of Goigh the Thaumaturge, a journeyman GnWn of Vehumet (Orc:1)
  2 halazid warlocks (Desolation)
  A fire dragon (Lair:5)
  2 crystal guardians (Desolation)
  2 vault guards (D:13)
  3 servants of whispers (Desolation)
  9 hydras
  6 ragged hierophants (Desolation)
  3 peacekeepers (Desolation)
  An ogre mage (D:15)
  5 centaur warriors
  A two-headed ogre (shapeshifter) (Elf:1)
  2 boulder beetles
  9 dancing weapons
  3 catoblepae
  7 two-headed ogres
  6 orc high priests (Orc:2)
  10 death yaks
  3 skeletal warriors (D:13)
  7 deep elf knights
  2 skysharks (Lair:5)
  3 lindwurms (Lair:5)
  3 bog bodies
  A swamp dragon (Lair:5)
  2 deep elf archers (Elf:2)
  Pikel (D:6)
  2 orc knights
  A wolf spider zombie (D:12)
  A wizard (D:13)
  6 deep elf zephyrmancers
  4 necromancers
  31 ugly things
  14 deep elf pyromancers
  4 cyclopes
  2 manticores (Lair:5)
  An orc sorcerer (Orc:2)
  8 centaur zombies (D:12)
  3 ice statues
  3 salamanders (Volcano)
  10 elephants (Lair:5)
  4 black mambas
  2 molten gargoyles (Desolation)
  3 guardian serpents (Desolation)
  A gargoyle (D:10)
  4 unseen horrors
  7 cane toads
  6 komodo dragons
  3 torpor snails
  5 rime drakes
  4 anaconda simulacra (IceCv)
  3 yaktaurs (D:15)
  2 freezing wraiths
  6 ice devils (IceCv)
  7 trolls
  A hornet (D:11)
  A tarantella (Lair:2)
  2 dream sheep (Lair:5)
  33 saltlings (Desolation)
  A meliai zombie (D:12)
  7 blink frogs
  2 centaur simulacra (D:14)
  5 vampires
  Sigmund (D:3)
  8 shadows
  21 slime creatures
  2 water elementals (Elf:1)
  6 wraiths
  Eustachio (D:6)
  5 wyverns
  3 dire elephant simulacra (IceCv)
  19 humans (D:13)
  A steam dragon (Lair:5)
  4 basilisks
  A fire elemental (Elf:1)
  41 yaks
  3 fire bats (Volcano)
  2 vampire mosquitoes (D:11)
  2 death yak simulacra (IceCv)
  4 hogs (D:14)
  5 wargs
  Menkaure (D:7)
  2 harpy simulacra (IceCv)
  Edmund (D:6)
  4 acid dragons
  4 swamp worms
  A hydra simulacrum (IceCv)
  7 water moccasins
  3 swamp drakes (Lair:5)
  16 orc warriors
  3 black bears
  A sky beast (D:7)
  6 ogres
  9 wolves
  9 centaurs
  A phantom (D:6)
  4 kobold brigands
  8 bullfrogs
  An earth elemental (Elf:1)
  A gnoll sergeant (D:11)
  4 scorpions
  17 wights (D:8)
  An elephant simulacrum (IceCv)
  6 killer bees (D:10)
  5 howler monkeys
  An electric eel (Lair:3)
  3 hounds
  7 jellies
  2 gnoll boudas (D:5)
  41 orc priests
  Ijyb (D:3)
  6 iguanas
  21 orc wizards
  4 hell rats (Lair:5)
  2 troll simulacra (IceCv)
  15 gnolls
  7 adders
  A shadow imp (D:5)
  3 white imps
  4 ufetubi (D:5)
  A worm (D:4)
  3 dart slugs
  111 orcs
  3 bats
  6 endoplasms
  5 giant cockroaches
  9 goblins
  11 hobgoblins
  3 jackals
  33 kobolds
  4 quokkas (D:4)
  6 ball pythons
  2 frilled lizards
  A rat (D:2)
861 creatures vanquished.

Vanquished Creatures (others)
  A deep elf knight (Elf:2)
  A komodo dragon (Lair:5)
  A saltling (Desolation)
  A human (D:14)
4 creatures vanquished.

Grand Total: 865 creatures vanquished

Notes
Turn   | Place    | Note
-------+----------+-------------------------------------------
     0 | D:1      | freelancePsychic the Vine Stalker Shapeshifter began the
                  | quest for the Orb.
     0 | D:1      | Reached XP level 1. HP: 11/11 MP: 2/2
   144 | D:1      | Reached XP level 2. HP: 15/15 MP: 3/3
   325 | D:1      | Reached skill level 2 in Fighting
   325 | D:1      | Reached skill level 1 in Short Blades
   325 | D:1      | Reached skill level 1 in Stealth
   878 | D:2      | Reached XP level 3. HP: 8/18 MP: 1/4
  1292 | D:2      | Gained mutation: Your natural rate of healing is unusually
                  | fast. [Vine Stalker growth]
  1292 | D:2      | Reached XP level 4. HP: 23/23 MP: 5/5
  2093 | D:3      | Noticed Sigmund
  2127 | D:3      | Noticed Ijyb
  2128 | D:3      | Gained mutation: You occasionally lose the ability to read
                  | scrolls when taking damage. [potion of mutation]
  2128 | D:3      | Gained mutation: You have a somewhat thin skeletal
                  | structure. (Dex +2, Stealth+) [potion of mutation]
  2137 | D:3      | Killed Ijyb
  2153 | D:3      | Noticed a scorpion
  2154 | D:3      | Reached XP level 5. HP: 27/27 MP: 6/6
  2392 | D:3      | Reached skill level 3 in Fighting
  2414 | D:3      | Reached XP level 6. HP: 32/32 MP: 7/7
  2821 | D:3      | Killed Sigmund
  2822 | D:3      | Reached XP level 7. HP: 36/36 MP: 8/8
  3073 | D:4      | Reached skill level 5 in Short Blades
  3073 | D:4      | Reached skill level 5 in Stealth
  3075 | D:4      | Reached skill level 4 in Fighting
  3342 | D:4      | Identified the +0 robe of the Storm King {Int+3}
  3425 | D:4      | Gained mutation: You have razor-sharp teeth. [Vine Stalker
                  | growth]
  3425 | D:4      | Reached XP level 8. HP: 42/42 MP: 9/9
  3611 | D:5      | Entered Level 5 of the Dungeon
  3676 | D:5      | Reached skill level 5 in Fighting
  4060 | D:5      | Found a snail-covered altar of Cheibriados.
  4334 | D:5      | Found a staircase to the Ecumenical Temple.
  4340 | Temple   | Entered the Ecumenical Temple
  4354 | Temple   | Became a worshipper of Uskayaw the Reveller
  4455 | D:6      | Noticed Pikel
  4465 | D:6      | Reached * piety under Uskayaw
  4468 | D:6      | Killed Pikel
  4468 | D:6      | Reached ** piety under Uskayaw
  4469 | D:6      | Reached skill level 6 in Fighting
  4469 | D:6      | Reached skill level 1 in Invocations
  4469 | D:6      | Reached XP level 9. HP: 48/48 MP: 9/11
  4615 | D:6      | Noticed Eustachio
  4635 | D:6      | Reached *** piety under Uskayaw
  4636 | D:6      | Killed Eustachio
  4810 | D:6      | Noticed Edmund
  4820 | D:6      | Killed Edmund
  5016 | D:6      | Identified the +0 tower shield "Doute" {MP+9 Dex+3}
  6068 | D:7      | Reached **** piety under Uskayaw
  6072 | D:7      | Reached XP level 10. HP: 53/53 MP: 13/13
  6091 | D:7      | Found a radiant altar of Vehumet.
  6092 | D:7      | Noticed Menkaure
  6115 | D:7      | Killed Menkaure
  6126 | D:7      | Reached skill level 7 in Fighting
  6385 | D:8      | Reached ***** piety under Uskayaw
  6500 | D:8      | Found a shimmering altar of Xom.
  6684 | D:8      | Found a white marble altar of Elyvilon.
  6859 | D:8      | Reached skill level 5 in Invocations
  7546 | D:9      | Noticed a two-headed ogre
  7557 | D:9      | Killed a two-headed ogre
  7558 | D:9      | Reached skill level 10 in Short Blades
  7568 | D:9      | Reached skill level 8 in Fighting
  8164 | D:10     | Entered Level 10 of the Dungeon
  8198 | D:10     | Reached XP level 11. HP: 14/60 MP: 5/16
  8203 | D:10     | HP: 3/60 [something (3)]
  8211 | D:10     | Noticed a two-headed ogre
  8327 | D:10     | Found a broken altar of Ashenzari.
  8507 | D:10     | Reached skill level 9 in Fighting
  8638 | D:10     | Reached skill level 1 in Throwing
  8775 | D:10     | Found an ornate altar of the Wu Jian Council.
  9057 | D:11     | You fall into a shaft and drop 1 floor!
  9073 | D:11     | Noticed a two-headed ogre
  9081 | D:11     | Killed a two-headed ogre
  9130 | D:11     | Found Hiotost's Magic Scroll Shoppe.
  9136 | D:11     | Bought a scroll of enchant weapon for 112 gold pieces
  9136 | D:11     | Bought a scroll of fear for 60 gold pieces
  9140 | D:11     | Noticed a cyclops
  9151 | D:11     | Killed a cyclops
  9190 | D:11     | Noticed a boulder beetle
  9212 | D:11     | Killed a boulder beetle
  9295 | D:11     | Found a staircase to the Lair.
  9427 | D:11     | Noticed a green ugly thing
  9438 | D:11     | Killed a green ugly thing
  9465 | D:11     | Reached skill level 5 in Throwing
  9929 | Lair:1   | Entered Level 1 of the Lair of Beasts
  9943 | Lair:1   | Reached skill level 10 in Fighting
 10332 | Lair:1   | Noticed a death yak
 10341 | Lair:1   | Reached XP level 12. HP: 60/67 MP: 15/19
 10351 | Lair:1   | Killed a death yak
 10588 | Lair:2   | Noticed a death yak
 10590 | Lair:2   | Noticed a death yak
 10590 | Lair:2   | Noticed a death yak
 10590 | Lair:2   | Noticed a death yak
 10590 | Lair:2   | Noticed a death yak
 10591 | Lair:2   | Noticed a death yak
 10611 | Lair:2   | Killed a death yak
 10611 | Lair:2   | Killed a death yak
 10614 | Lair:2   | Killed a death yak
 10615 | Lair:2   | Killed a death yak
 10616 | Lair:2   | Killed a death yak
 10621 | Lair:2   | Killed a death yak
 10621 | Lair:2   | Reached ****** piety under Uskayaw
 10622 | Lair:2   | Reached skill level 11 in Fighting
 10622 | Lair:2   | Reached skill level 10 in Invocations
 10782 | Lair:2   | Found a hole to the Spider Nest.
 11229 | Lair:2   | Noticed a six-headed hydra
 11236 | Lair:2   | Killed a six-headed hydra
 11432 | Lair:3   | Found an opulent altar of Gozag.
 11442 | Lair:3   | Reached skill level 1 in Shields
 11443 | Lair:3   | Reached XP level 13. HP: 74/74 MP: 22/22
 11524 | Lair:3   | Reached skill level 12 in Fighting
 11583 | Lair:3   | Found a dark tunnel.
 11588 | Volcano  | Entered a volcano
 12511 | Lair:3   | Found a staircase to the Swamp.
 12636 | Lair:4   | Found a staircase to the Slime Pits.
 12636 | Lair:4   | Found a viscous altar of Jiyva.
 12673 | Lair:4   | Found a frozen archway.
 12685 | IceCv    | Entered an ice cave
 13209 | IceCv    | Reached skill level 5 in Shields
 13497 | Lair:4   | Noticed AwFulAwFulPlayer's ghost (journeyman DgHu)
 13606 | Lair:4   | Found a runed translucent gate.
 13606 | Lair:4   | Found a runed translucent gate.
 13606 | Lair:4   | Found a runed translucent gate.
 13627 | Lair:4   | Reached skill level 13 in Fighting
 13783 | Lair:4   | Reached XP level 14. HP: 49/82 MP: 16/24
 13889 | Lair:4   | You fall into a shaft and drop 1 floor!
 13889 | Lair:5   | Entered Level 5 of the Lair of Beasts
 14467 | Lair:5   | Found a shimmering blue altar of Sif Muna.
 15830 | D:12     | Found Mofiyn Siegg's Armour Boutique.
 15839 | D:12     | Bought the +0 pair of boots "Syhocrot" {rF+ Str+2 Stlth+}
                  | for 382 gold pieces
 15923 | D:12     | Reached skill level 1 in Armour
 16074 | D:12     | Reached skill level 14 in Fighting
 16106 | D:12     | Reached XP level 15. HP: 87/88 MP: 25/25
 16143 | D:12     | Found a staircase to the Orcish Mines.
 16224 | D:12     | Found Xus Furi's General Store.
 16232 | D:12     | Bought a scroll of blinking for 97 gold pieces
 16318 | D:12     | Reached skill level 10 in Shields
 16505 | D:12     | Found Zeedet's Assorted Antiques.
 16508 | D:12     | Bought a scroll of poison for 112 gold pieces
 16578 | Orc:1    | Entered Level 1 of the Orcish Mines
 16578 | Orc:1    | Noticed an orc warlord
 16588 | Orc:1    | Killed an orc warlord
 16889 | Orc:1    | Found a large runed translucent door.
 16889 | Orc:1    | Found a large runed translucent door.
 16898 | Orc:1    | Noticed Goigh's ghost (journeyman GnWn)
 17031 | Orc:1    | Killed Goigh's ghost
 17075 | Orc:2    | Entered Level 2 of the Orcish Mines
 17167 | Orc:2    | Found a staircase to the Elven Halls.
 17407 | Orc:2    | Found Hodakaf's Antique Weapon Shoppe.
 17709 | Orc:2    | Found Repos's Antique Armour Shop.
 17744 | Orc:2    | Bought a pair of runed gloves for 285 gold pieces
 17811 | Orc:2    | Paralysed by an orc sorcerer for 3 turns
 18052 | Orc:2    | Found Hopodyn's Jewellery Shop.
 18052 | Orc:2    | Found Hedaixo's General Store.
 18117 | Orc:2    | Bought a scroll of immolation for 60 gold pieces
 18254 | Elf:1    | Entered Level 1 of the Elven Halls
 18610 | Elf:1    | You fall into a shaft and drop 1 floor!
 18678 | Elf:2    | Found Goxzoshrue's Antique Armour Shoppe.
 18697 | Elf:2    | Found a crumbling gateway.
 18702 | Desolati | Entered the Desolation of Salt
 18797 | Desolati | Noticed an imperial myrmidon
 18809 | Desolati | Killed an imperial myrmidon
 18814 | Desolati | Reached XP level 16. HP: 59/93 MP: 17/26
 18820 | Desolati | Identified the ring of Surreguk {rN+ rCorr Int+3 Dex+3
                  | Slay+2}
 18946 | Desolati | Got the Information on Variable Intoxication
 18970 | Desolati | Reached skill level 5 in Armour
 19142 | Desolati | Identified the +12 hand crossbow "Tonoce" {penet, *Slow
                  | +Blink Dex+3}
 19170 | Desolati | Reached skill level 1 in Ranged Weapons
 19172 | Desolati | Identified the ring "Yviuditi" {rF+ rN+ Int-4 Slay+2}
 19493 | Desolati | Reached skill level 15 in Fighting
 19706 | Desolati | Got the Codex of Burnt Energy
 19707 | Desolati | Identified the ring of Gud Tunu {MP+9 Dex+3}
 19710 | Desolati | Got the Vademecum on Outbursts
 20215 | Elf:2    | Found a huge runed translucent gate.
 20215 | Elf:2    | Found a huge runed translucent gate.
 20215 | Elf:2    | Found a huge runed translucent gate.
 20215 | Elf:2    | Found a huge runed translucent gate.
 20215 | Elf:2    | Found a huge runed translucent gate.
 20353 | Elf:2    | Reached skill level 5 in Ranged Weapons
 20505 | Elf:2    | Noticed a deep elf blademaster
 21055 | D:13     | Found a runed translucent gate.
 21055 | D:13     | Found a runed translucent gate.
 21056 | D:13     | Found a runed translucent gate.
 21064 | D:13     | Noticed hotbaconsauce's ghost (journeyman MiFi)
 21211 | D:13     | Noticed Jorgrun
 21218 | D:13     | Killed Jorgrun
 21701 | D:13     | Reached XP level 17. HP: 84/99 MP: 21/27
 21896 | D:13     | Found a gate to the Vaults.
 22130 | D:14     | Found a broken altar of Ashenzari.
 22169 | D:14     | Found a white marble altar of Elyvilon.
 22243 | D:14     | Found the sphere of Battle
 22287 | D:14     | Reached skill level 10 in Ranged Weapons
 22461 | D:14     | Noticed Kirke
 22467 | D:14     | Killed Kirke
 22677 | D:15     | Entered Level 15 of the Dungeon
 22747 | D:15     | HP: 1/99 [yaktaur/bolt (6)]
 22749 | D:15     | Slain by a two-headed ogre

Illustrated notes

Levels and vault maps discovered:
D:1:      lightli_arrival_quake, layout_basic
D:2:      layout_basic, roderic_serpentine_path, minmay_indecisive_spiral
D:3:      minmay_door_path, layout_basic, uniq_ijyb, uniq_sigmund
D:4:      layout_basic, hangedman_decor_diamond_cutter
D:5:      layout_cave_pools, amcnicky_altar_gilded, minmay_temple_entry_fiery,
          st_stairs_10, corexii_corridor_pit, minmay_manual_moon
D:6:      layout_layer_cave, uniq_eustachio, uniq_edmund, uniq_pikel
D:7:      layout_basic, vehumet_altar_wand_db, uniq_menkaure
D:8:      layout_basic, mainiacjoe_overflow_tiny_flanked,
          mainiacjoe_overflow_concentric_impassable
D:9:      layout_rooms, kb_lookout_dungeons_type, kennysheep_cluttered_room
D:10:     layout_long_grid, kennysheep_mini_moat,
          pdpol_wu_jian_five_deadly_venoms, minivault_19, worms_lemuel
D:11:     layout_cave_pods, lair_entry_dummy, serial_shops,
          nicolae_shop_rolling_square
D:12:     layout_rooms, serial_undead, serial_undead_a, serial_undead_a,
          serial_undead_c, serial_undead_a, serial_undead_e, serial_undead_b,
          serial_undead_f, serial_shops, nicolae_stop_n_shop_2, shop,
          nicolae_shop_behind_doors
D:13:     layout_roguey, grunt_vaults_entry_tiered,
          maelrawn_ghost_gauntlet_escape, minivault_16,
          minmay_misc_feat_more_columns, uniq_jorgrun
D:14:     layout_roguey, elyvilon_altar_4, minivault_19, ashenzari_altar_1,
          uniq_kirke
D:15:     grunt_enter_depths_magical_seal, layout_cave_pools,
          grunt_dithmenos_shadows
Temple:   nicolae_temple_slightly_damp_pantheon
Lair:1:   layout_gridlike
Lair:2:   layout_roguey, spider_nest_entry_rubble, lemuel_fruit_tree
Lair:3:   layout_long_grid, nicolae_swamp_entry_splash_gauntlet,
          enter_volcano_4, basic_altar
Lair:4:   layout_long_grid, nicolae_slime_entry_field_trip, gammafunk_ghost_icy,
          portal_ice_cave_entry_pillars_1, dpeg_oklob_1
Lair:5:   hangedman_lair_in_review, layout_long_grid, guppyfry_lair_end_dragon,
          basic_altar
Orc:1:    layout_caves, ebering_ghost_disaster_area
Orc:2:    st_orc_town, layout_caves
Elf:1:    minmay_elf_arrival_circle, layout_onion_city, minmay_elf_demonology
Elf:2:    elven_hall_of_blades_hangedman_alternative [nicolae_blade_bullseye],
          layout_loops_cross, portal_desolation_entry_ruin, serial_shops, shop,
          serial_sigils, serial_sigils_hangedman_gnaw,
          serial_sigils_hangedman_snap, serial_sigils_hangedman_snap,
          grunt_ministairs_7

Skill      XL: |  1  2  3  4  5  6  7  8  9 10 11 12 13 14 15 16 17 |
---------------+----------------------------------------------------+-----
Fighting       | 2 3 4 6 8 10 11 13 14 15 | 15.0
Short Blades   | 1 2 3 4 5 7 8 10 | 10.0
Stealth        | 1 2 3 4 5 6 |  6.0
Invocations    | 1 3 6 8 11 12 13 | 13.1
Throwing       | 6 8 |  8.0
Shields        | 1 5 9 11 13 | 13.2
Armour         | 1 4 5 |  5.0
Dodging        | 2 |  2.1
Ranged Weapons | 8 11 | 11.4
Unarmed Combat | |  2.0
Shapeshifting  | |  3.7

Action                     |  1- 3 |  4- 6 |  7- 9 | 10-12 | 13-15 | 16-18 || total
---------------------------+-------+-------+-------+-------+-------+-------++-------
  Melee: Short sword       |    75 |    59 |   276 |   402 |  1217 |   132 ||  2161
         Unarmed           |     4 |       |       |       |       |       ||     4
         Bite              |    18 |    12 |   100 |   153 |   578 |   100 ||   961
         Punch             |       |     1 |     3 |    15 |     4 |       ||    23
         Dagger            |       |       |       |       |       |    63 ||    63
   Fire: Hand crossbow     |       |       |       |       |       |   319 ||   319
  Throw: Dart              |       |       |     1 |    20 |       |       ||    21
         Boomerang         |       |       |       |     9 |    20 |     1 ||    30
 Invoke: Stomp             |       |       |       |     2 |    17 |    10 ||    29
         Line Pass         |       |       |       |     1 |     3 |     1 ||     5
         Grand Finale      |       |       |       |     1 |       |       ||     1
Ability: Begin Untransform |       |       |       |     1 |       |       ||     1
  Evoke: Wand              |       |       |     3 |     4 |     2 |     4 ||    13
    Use: Scroll            |     5 |     3 |     7 |     8 |    13 |     6 ||    42
         Potion            |       |     3 |       |       |     3 |     1 ||     7
   Stab: Sleeping          |     1 |     7 |    11 |    10 |    31 |     3 ||    63
         Distracted        |       |     1 |     1 |     2 |     4 |     1 ||     9
         Invisible         |       |       |     1 |       |       |       ||     1
         Paralysed         |       |       |     3 |    44 |   108 |    18 ||   173
         Confused          |       |       |       |     1 |     3 |       ||     4
 Armour: Animal skin       |    10 |       |       |       |       |       ||    10
         Ring mail         |     9 |    13 |    73 |    18 |   269 |    69 ||   451
         Skin              |       |     5 |       |       |       |       ||     5
         Acid dragon scale |       |       |       |   100 |    30 |       ||   130
         Chain mail        |       |       |       |       |     5 |       ||     5
  Dodge: Dodged            |    37 |    20 |   101 |   141 |   344 |   121 ||   764
  Block: Tower shield      |       |       |       |       |   827 |   221 ||  1048
         Kite shield       |       |       |       |       |    22 |   159 ||   181
   Form: Anaconda          |       |       |       |     1 |       |       ||     1
         Beast             |       |       |       |     1 |       |       ||     1

Table legend: (Time is in decaauts)
 A = Elapsed time spent in this place.
 B = Non-inter-level travel time spent in this place.
 C = Inter-level travel time spent in this place.
 D = Time resting spent in this place.
 E = Time spent auto-exploring this place.
 F = Levels seen in this place.
 G = Mean time per level.
                   A        B        C        D        E       F      G
               +--------+--------+--------+--------+--------+-----+--------+
         Total |  22312 |  20870 |   1442 |    453 |  15266 |  28 |  796.9 |
       Dungeon |  12402 |  11578 |    824 |    198 |   8939 |  15 |  826.8 |
        Temple |     28 |      2 |     26 |      0 |      0 |   1 |   28.0 |
          Lair |   4852 |   4382 |    470 |     45 |   3292 |   5 |  970.4 |
  Orcish Mines |   1648 |   1577 |     71 |      7 |   1149 |   2 |  824.0 |
   Elven Halls |   1168 |   1119 |     49 |     57 |    713 |   2 |  584.0 |
      Ice Cave |    610 |    610 |      0 |     16 |    342 |   1 |  610.0 |
       Volcano |    476 |    476 |      0 |    114 |    227 |   1 |  476.0 |
    Desolation |   1123 |   1123 |      0 |     16 |    603 |   1 | 1123.0 |
               +--------+--------+--------+--------+--------+-----+--------+

Top non-repeatable levels by time:
  Lair:5: 1810 daAuts
     D:6: 1288 daAuts
   Orc:2: 1168 daAuts
Desolation: 1123 daAuts
     D:3: 1030 daAuts
     D:2: 1020 daAuts
    D:13: 1016 daAuts
    D:11: 928 daAuts
     D:8: 923 daAuts
     D:1: 882 daAuts
  Lair:2: 856 daAuts
    D:12: 849 daAuts
    D:10: 848 daAuts
     D:5: 784 daAuts
     D:4: 762 daAuts
